 Dungeon Crawl Stone Soup version 0.31.0-12-g77e489cdc1 (webtiles) character file.

Game seed: 11899746960056132078

24 Silvore the Covered (level 2, -2/27 HPs)
             Began as a Minotaur Fighter on Feb 17, 2024.
             Slain by a sleepcap (19 damage)
             ... on level 4 of the Dungeon.
             The game lasted 00:01:17 (378 turns).

Silvore the Covered (Minotaur Fighter)               Turns: 378, Time: 00:01:18

Health: -2/27      AC:  7    Str: 20    XL:     2   Next: 79%
Magic:  1/1        EV:  2    Int:  5    God:
Gold:   28         SH:  0    Dex:  9    Spells: 1/1 levels left

rFire   . . .        a - +0 long sword
rCold   . . .        c - +0 buckler
rNeg    . . .        b - +0 scale mail
rPois   .            (helmet restricted)
rElec   .            (no cloak)
rCorr   .            (no gloves)
SInv    .            (no boots)
Will    .....        (no amulet) Stlth
                     (no ring)
HPRegen 0.24/turn    (no ring)
MPRegen 0.07/turn

%: no passive effects
@: sleeping
A: horns 2, retaliatory headbutt
a: no special abilities


You were on level 4 of the Dungeon.
You visited 1 branch of the dungeon, and saw 4 of its levels.

You collected 28 gold pieces.

Inventory:

Hand Weapons
 a - a +0 long sword (weapon)
Armour
 b - a +0 scale mail (worn)
 c - a +0 buckler (worn)
Scrolls
 f - a scroll of blinking {unknown}
Potions
 d - a potion of might
 e - 2 potions of degeneration {unknown}


   Skills:
 + Level 4.0 Fighting
 + Level 2.8 Long Blades
 + Level 4.1 Armour
 + Level 0.3 Dodging
 + Level 3.9 Shields


You had one spell level left.
You didn't know any spells.
Your spell library was empty.

Dungeon Overview and Level Annotations

Branches:
Dungeon (4/15)
 Temple: D:4-7

Altars:


Innate Abilities, Weirdness & Mutations

You have a pair of horns on your head.
You reflexively headbutt those who attack you in melee.


Message History

There is a stone staircase leading down here.
You climb downwards.
The hobgoblin shouts!
There is a stone staircase leading up here.
You closely miss the hobgoblin.
The hobgoblin hits you but does no damage.
You hit the hobgoblin.
You kill the hobgoblin!
You see here a hobgoblin corpse.
A sleepcap comes into view.
A sleepcap is nearby!
A sleepcap is nearby!
The sleepcap misses you.
You hit the sleepcap but do no damage. You block the sleepcap's attack. x2
The sleepcap closely misses you. The sleepcap misses you.
The sleepcap releases spores at you but does no damage.
The sleepcap releases spores at you but does no damage.
The sleepcap barely misses you.
The sleepcap releases spores at you but does no damage.
The sleepcap releases spores at you. The sleepcap closely misses you.
The sleepcap barely misses you. You furiously retaliate!
You headbutt the sleepcap! The sleepcap releases spores at you.
You are engulfed in a cloud of soporific spores!
You fall asleep.
The sleepcap releases spores at you.
You wake up.
You are engulfed in a cloud of soporific spores!
You are unaffected.
The sleepcap barely misses you. The sleepcap closely misses you.
You block the sleepcap's attack. The sleepcap releases spores at you.
You are engulfed in a cloud of soporific spores!
You fall asleep.
The sleepcap barely misses you. The sleepcap releases spores at you!!
Ouch! That really hurt!
You die...

#############+###
#................
#................
#.......@<.......
#........f.......
#....†...........
##................
#....######+######
#....# #....#
#....# ######


You could see a sleepcap.

Vanquished Creatures
  An adder (D:3)
  2 dart slugs
  A bat (D:1)
  An endoplasm (D:1)
  A giant cockroach (D:1)
  2 goblins (D:1)
  A hobgoblin (D:4)
  A kobold (D:1)
  A rat (D:1)
11 creatures vanquished.

Notes
Turn   | Place    | Note
-------+----------+-------------------------------------------
     0 | D:1      | Silvore the Minotaur Fighter began the quest for the Orb.
     0 | D:1      | Reached XP level 1. HP: 19/19 MP: 0/0
   105 | D:1      | Reached XP level 2. HP: 26/27 MP: 1/1
   378 | D:4      | Slain by a sleepcap

Illustrated notes

Levels and vault maps discovered:
D:1:      dpeg_arrival_stone_temple_mockup, layout_basic, lemuel_flame_loot_1
D:2:      layout_loops_cross
D:3:      layout_rooms
D:4:      layout_gridville, chequers_temple_overflow_statue_of_worship,
          uniq_sigmund, uniq_ijyb, uniq_menkaure, uniq_blork_the_orc

Skill      XL: |  1  2 |
---------------+-------+-----
Fighting       | 4 |  4.0
Armour         | 4 |  4.1
Long Blades    | |  2.8
Dodging        | |  0.3
Shields        | |  3.9

Action                     || total
---------------------------++-------
  Melee: Long sword        ||    18
         Headbutt          ||     3
 Armour: Scale mail        ||    53
  Dodge: Dodged            ||    34
  Block: Buckler           ||    15
